Workbook
Name _Hlk126761397: 'A. General Information'!$A$25

Sheet Crosswalk Excel to Instructions
A1: Note: This crosswalk index has One-to-One, One-to-Many, or Many-to-One relationships
A3: Excel Tab | B3: Section of Instructions | C3: Pages
A4: A. General Information | B4: IV. Required Information, A General Information | C4: 12 - 15
A5: B. Overview Information | B5: IV. Required Information, B Overview Information | C5: 15 - 16
A6: C1-C2. Company-Wide Information | B6: IV. Required Information, C1 Overall Financial Information | C6: 16 - 18
B7: IV. Required Information, C2 Service-Specific Financial Information | C7: 18 - 25
A8: C3. Safety & Security Measures | B8: IV. Required Information, C3 Other Company-Wide Information - Safety and Security Measures | C8: 25 - 26
A9: D1. Facility Audio IPCS Costs | B9: IV. Required Information, D1 Facility-Specific Financial Information, a., b., c. | C9: 27 - 32
A10: D1. Facility Video IPCS Costs | B10: IV. Required Information, D1 Facility-Specific Financial Information, a., b., c. | C10: 27 - 32
A11: D1. Facility Demand and Revenue | B11: IV. Required Information, D1 Facility-Specific Financial Information, d. Facility-Specific Demand and Revenue Data | C11: 32 - 34
A15: FCC Notice
A17: * There is no tab D2a tab because the Word instructions under the D2a heading relate to the general information reported at the top of the D1. Facility Audio IPCS and D1. Facility Video IPCS tabs.

Sheet Color Coding & Checks
A1: Workbook Structure | B1: Do not directly input data into this tab.
A2: Most of the tabs in this workbook are data input tabs (12). These tabs have a few summation calculations which are highlighted (color coded yellow, green).
A3: Summations from 2 input tabs ('Commission and Revenue Sharing' and 'Company-Wide Information') flow into the 'B. Overview Information' tab.
A4: Summations from all tabs flow into this 'Color Coding & Checks' tab.
A6: Cell Color Coding | B6: Interpretation
A8: Gray | B8: Informational - Field names, row names, fillers. Do not enter data.
A9: No color | B9: Numeric value - Enter only positive numbers or zero, with exceptions at the *.
A10: No color | B10: Dropdown - Make a selection from a dropdown list, e.g., tax section of Company-Wide selections allows choice of "C" or "PTE".
A11: No color | B11: N/A populated by FCC - Not Available for data entry means leave as is, do not enter data.
A12: Yellow | B12: Formula - Do not change, delete or overwrite any FCC formulas with values, including those not highlighted. Note: Only a few examples are color coded in this workbook - not all instances.
A13: Green | B13: Formulas that check for consistency - This tab checks the formula values in one tab against the corresponding formula values on another tab.**
A15: * If the Company’s account balance for an asset, contra asset, liability, contra liability, revenue, contra revenue, expense, or contra expense account is the opposite of its expected debit or credit balance, report that balance as a negative number on the Excel template. For example, the expected account balance for accumulated deferred income taxes is a credit balance, representing a tax debt that will need to be paid in the future. If this is the case, report a positive number for accumulated deferred income taxes. If, instead, the account balance for the accumulated deferred income taxes is a debit balance, representing an over-payment or advance payment of income taxes, report that balance as a negative number.
A17: ** e.g., Sum of values for facilities = Company-wide value. See examples below.
A20: Formula Checks | B20: The following checks will improve inter-tab consistency.
B21: If the difference (or percent difference) in formula values from 2 tabs is low, then there is inter-tab consistency (closeness).
B22: The provider should perform all similar checks. See examples below.
B23: Review and revise the reported data to eliminate any inconsistencies among the tabs or explain any inconsistences in the Word template.
A25: EXAMPLES:
A26: Concept / Tabs | B26: Cells | C26: Values | D26: Calculations | E26: Notes
A28: Audio IPCS Costs
A29: B. Overview Information | B29: B13 | C29: ='B. Overview Information'!B13 -> 0 | D29: L1 = L2 | E29: Overview tab references Company-wide tab
A30: C1-C2. Company-Wide Information | B30: C96 | C30: ='C1-C2. Company-Wide Information'!C96 -> 0 | D30: L2
A31: D1. Facility Audio IPCS Costs | B31: G106* | C31: ='D1. Facility Audio IPCS Costs'!G106 -> 0 | D31: L3 | E31: *Use the cell in the last column which depends on number of facilities reported. Instead of Cell G106, use e.g., Cell XYZ106. The actual column TBD.
A32: Difference C1-C2, D1 | C32: =C31-C30 -> 0 | D32: L4 = L3 - L2 | E32: This difference may be slightly higher, because the tabs use different tax rates (e.g., weighted avg. v. state specific).
A33: Percent Difference | C33: =C31/C30-1 -> #DIV/0! | D33: L5 = L3 / L2 - 1
A35: Video IPCS Costs
A36: B. Overview Information | B36: B14 | C36: ='B. Overview Information'!B14 -> 0 | D36: L1 = L2 | E36: Overview tab references Company-wide tab
A37: C1-C2. Company-Wide Information | B37: D96 | C37: ='C1-C2. Company-Wide Information'!D96 -> 0 | D37: L2
A38: D1. Facility Video IPCS Costs | B38: G106* | C38: ='D1. Facility Video IPCS Costs'!G106 -> 0 | D38: L3 | E38: *Use the cell in the last column which depends on number of facilities reported. Instead of Cell G106, use e.g., Cell XYZ106. The actual column TBD.
A39: Difference C1-C2, D1 | C39: =C38-C37 -> 0 | D39: L4 = L3 - L2 | E39: This difference may be slightly higher, because the tabs use different tax rates (e.g., weighted avg. v. state specific).
A40: Percent Difference | C40: =C38/C37-1 -> #DIV/0! | D40: L5 = L3 / L2 - 1
A42: Safety and Security Costs
A43: B. Overview Information | B43: B15 | C43: ='B. Overview Information'!B15 -> 0 | D43: L1 = L2 | E43: Overview tab references Company-wide tab
A44: C1-C2. Company-Wide Information | B44: E96 | C44: ='C1-C2. Company-Wide Information'!E96 -> 0 | D44: L2
A45: C3. Safety & Security Measures | B45: L28 | C45: ='C3. Safety & Security Measures'!L28 -> 0 | D45: L3
A46: Difference C1-C2, C3 | C46: =C45-C44 -> 0 | D46: L4 = L3 - L2
A47: Percent Difference | C47: =C45/C44-1 -> #DIV/0! | D47: L5 = L3 / L2 - 1
A49: Total Revenue (minus Other)
A50: B. Overview Information | B50: Sum(B16:B17) | C50: =SUM('B. Overview Information'!B17:B18) -> 0 | D50: L1 = L2 | E50: Overview tab references Company-wide tab
A51: C1-C2. Company-Wide Information | B51: B4 - F4 | C51: ='C1-C2. Company-Wide Information'!B4-'C1-C2. Company-Wide Information'!G4 -> 0 | D51: L2 | E51: Company-Wide minus Other Products and Services
A52: D1. Facility Demand and Revenue | B52: G26 + G27* | C52: ='D1. Facility Demand and Revenue'!G25+'D1. Facility Demand and Revenue'!G26 -> 0 | D52: L3 | E52: Audio + Video; Use the last column which depends on number of facilities reported
A53: Difference C1-C2, D1 | C53: =C52-C51 -> 0 | D53: L4 = L3 - L2
A54: Percent Difference | C54: =C52/C51-1 -> #DIV/0! | D54: L5 = L3 / L2 - 1
A56: Audio Revenue
A57: B. Overview Information | B57: B16 | C57: ='B. Overview Information'!B17 -> 0 | D57: L1 = L2 | E57: Overview tab references Company-wide tab
A58: C1-C2. Company-Wide Information | B58: C4 | C58: ='C1-C2. Company-Wide Information'!C4 -> 0 | D58: L2
A59: D1. Facility Demand and Revenue | B59: G26* | C59: ='D1. Facility Demand and Revenue'!G25 -> 0 | D59: L3 | E59: *Use the cell in the last column which depends on number of facilities reported. Instead of Cell G26, use e.g., Cell XYZ26. The actual column TBD.
A60: Difference C1-C2, D1 | C60: =C59-C58 -> 0 | D60: L4 = L3 - L2
A61: Percent Difference | C61: =C59/C58-1 -> #DIV/0! | D61: L5 = L3 / L2 - 1
A63: Video Revenue
A64: B. Overview Information | B64: B17 | C64: ='B. Overview Information'!B18 -> 0 | D64: L1 = L2 | E64: Overview tab references Company-wide tab
A65: C1-C2. Company-Wide Information | B65: D4 | C65: ='C1-C2. Company-Wide Information'!D4 -> 0 | D65: L2
A66: D1. Facility Demand and Revenue | B66: G27* | C66: ='D1. Facility Demand and Revenue'!G26 -> 0 | D66: L3 | E66: *Use the cell in the last column which depends on number of facilities reported. Instead of Cell G27, use e.g., Cell XYZ27. The actual column TBD.
A67: Difference C1-C2, D1 | C67: =C66-C65 -> 0 | D67: L4 = L3 - L2
A68: Percent Difference | C68: =C66/C65-1 -> #DIV/0! | D68: L5 = L3 / L2 - 1
A70: Number of Facilities
A71: A. General Information | C71: no count
A72: B. Overview Information | B72: B3 | C72: ='B. Overview Information'!B3 -> 0
A73: C1. Company-Wide Information | C73: no count
A74: D1. Facility Audio IPCS Costs | B74: H4 | C74: ='D1. Facility Audio IPCS Costs'!H4 -> 5 | E74: Cell reference will change to reflect count of facilities
A75: D1. Facility Video IPCS Costs | B75: H4 | C75: ='D1. Facility Video IPCS Costs'!H4 -> 5
A76: D1. Facility Demand and Revenue | B76: H2 | C76: ='D1. Facility Demand and Revenue'!H2 -> 5
A77: Do all facility counts match in all Tabs? | C77: Yes or No?

Sheet A. General Information
A1: Appendix B
A2: Incarcerated People's Communications Services 2026 Mandatory Data Collection Excel Template
A3: WC Docket Nos. 23-62, 12-375
A4: FCC Form 2303(a)
A5: OMB Control No. 3060-1314 / Not approved by OMB
A6: Estimated Time Per Response: 160 Hours
A8: A. General Company Information
A9: (1) Company Name
A10: (2) Accounting Entity
A11: (3) Contact Person Information
A12: Name
A13: Title
... A28: (10d) List each non-IPCS-related product or service, if any, that each type of asset supported.

Sheet B. Overview Information
A1: B. Overview Information for 2025
A2: (1) Company Name
A3: (2a) Number of Facilities
A4: (2b) Number of Prisons
A5: (2c) Number of Jails with ADP of 1,000 and above
A6: (2d) Number of Jails with ADP between or equal to 350 - 999
A7: (2e) Number of Jails with ADP between or equal to 100 - 349
A8: (2f) Number of Jails with ADP between or equal to 50 - 99
A9: (2g) Number of Jails with ADP between or equal to 0 - 49
A10: (2h) Number of Contracts
A11: (2i) Number of Prison Contracts
A12: (2j) Number of Jail Contracts
A13: (3a) Annual Total Expenses for Audio IPCS | B13: ='C1-C2. Company-Wide Information'!C96 -> 0
A14: (3b) Annual Total Expenses for Video IPCS | B14: ='C1-C2. Company-Wide Information'!D96 -> 0
A15: (3c) Annual Total Expenses for Safety and Security Measures | B15: ='C1-C2. Company-Wide Information'!E96 -> 0
A16: (3d) Annual Total Expenses for IPCS-related Payment Processing Services | B16: ='C1-C2. Company-Wide Information'!F96 -> 0
A17: (4a) Billed Revenues from Audio IPCS | B17: ='C1-C2. Company-Wide Information'!C4 -> 0
A18: (4b) Billed Revenues from Video IPCS | B18: ='C1-C2. Company-Wide Information'!D4 -> 0
A19: (4c) Billed Revenues from Safety and Security Measures | B19: ='C1-C2. Company-Wide Information'!E4 -> 0
A20: (5a) Total IPCS- and Non-IPCS-Related Site Commissions | B20: ='C1-C2. Company-Wide Information'!B57 + 'C1-C2. Company-Wide Information'!B85 -> 0
A21: (5)(a)(i) Total IPCS-Related Monetary Site Commissions
A22: (5)(a)(ii) Total IPCS-Related In-Kind Site Commissions
A23: (6a) Total Monetary Payments to Facilities Excluding Site Commissions
A24: (6b) Total In-Kind Payments to Facilities Excluding Site Commissions

Sheet C1-C2. Company-Wide Information
A1: Company-Wide and Service Specific Financial Information for 2025
B2: Company Wide | C2: Services
C3: Audio IPCS | D3: Video IPCS | E3: Safety and Security Measures | F3: IPCS-related Payment Processing Services | G3: Other Products and Services
A4: Total Billed Revenues | F4: N/A
A5: Investments and Expenses
A6: Capital Assets:
A7: Tangible Assets
A8: Gross Investment | F8: N/A
A9: Accumulated Depreciation | F9: N/A
A10: Net Investment [row 8 - row 9] | B10: =B8-B9 -> 0 | C10: =C8-C9 -> 0 | D10: =D8-D9 -> 0 | E10: =E8-E9 -> 0 | F10: N/A | G10: =G8-G9 -> 0
A11: Capitalized Research and Development
A12: Gross Investment | F12: N/A
A13: Accumulated Amortization | F13: N/A
A14: Net Investment [row 12 - row 13] | B14: =B12-B13 -> 0 | C14: =C12-C13 -> 0 | D14: =D12-D13 -> 0 | E14: =E12-E13 -> 0 | F14: N/A | G14: =G12-G13 -> 0
A15: Purchased Software
A16: Gross Investment | F16: N/A
A17: Accumulated Amortization | F17: N/A
A18: Net Investment [row 16 - row 17] | B18: =B16-B17 -> 0 | C18: =C16-C17 -> 0 | D18: =D16-D17 -> 0 | E18: =E16-E17 -> 0 | F18: N/A | G18: =G16-G17 -> 0
A19: Internally Developed Software
A20: Gross Investment | F20: N/A
A21: Accumulated Amortization | F21: N/A
A22: Net Investment [row 20 - row 21] | B22: =B20-B21 -> 0 | C22: =C20-C21 -> 0 | D22: =D20-D21 -> 0 | E22: =E20-E21 -> 0 | F22: N/A | G22: =G20-G21 -> 0
A23: Trademarks
A24: Gross Investment | F24: N/A
A25: Accumulated Amortization | F25: N/A
A26: Net Investment [row 24 - row 25] | B26: =B24-B25 -> 0 | C26: =C24-C25 -> 0 | D26: =D24-D25 -> 0 | E26: =E24-E25 -> 0 | F26: N/A | G26: =G24-G25 -> 0
A27: Capitalized Site Commissions
A28: Gross Investment | C28: N/A | D28: N/A | E28: N/A | F28: N/A | G28: N/A
A29: Accumulated Amortization | C29: N/A | D29: N/A | E29: N/A | F29: N/A | G29: N/A
A30: Net Investment [row 28 - row 29] | B30: =B28-B29 -> 0 | C30: N/A | D30: N/A | E30: N/A | F30: N/A | G30: N/A
A31: Capitalized Payments to Facilities Excluding Site Commissions
A32: Gross Investment | C32: N/A | D32: N/A | E32: N/A | F32: N/A | G32: N/A
A33: Accumulated Amortization | C33: N/A | D33: N/A | E33: N/A | F33: N/A | G33: N/A
A34: Net Investment [row 32 - row 33] | B34: =B32-B33 -> 0 | C34: N/A | D34: N/A | E34: N/A | F34: N/A | G34: N/A
A35: Other Identifiable Intangible Assets
A36: Gross Investment | F36: N/A
A37: Accumulated Amortization | F37: N/A
A38: Net Investment [row 36 - row 37] | B38: =B36-B37 -> 0 | C38: =C36-C37 -> 0 | D38: =D36-D37 -> 0 | E38: =E36-E37 -> 0 | F38: N/A | G38: =G36-G37 -> 0
A39: Goodwill
A40: Gross Investment | F40: N/A
A41: Accumulated Amortization | F41: N/A
A42: Net Investment [row 40 - row 41] | B42: =B40-B41 -> 0 | C42: =C40-C41 -> 0 | D42: =D40-D41 -> 0 | E42: =E40-E41 -> 0 | F42: N/A | G42: =G40-G41 -> 0
A43: Gross Investment in Assets [row 8 + row 12 + row 16 + row 20 + row 24 + row 28 + row 32 + row 36 + row 40; or row 8 + row 12 + row 16 + row 20 + row 24 + row 36 + row 40] | B43: =B8+B12+B16+B20+B24+B28+B32+B36+B40 -> 0 | C43: =C8+C12+C16+C20+C24+C36+C40 -> 0 | D43: =D8+D12+D16+D20+D24+D36+D40 -> 0 | E43: =E8+E12+E16+E20+E24+E36+E40 -> 0 | F43: N/A | G43: =G8+G12+G16+G20+G24+G36+G40 -> 0
A44: Accumulated Depreciation and Amortization of Assets [row 9 + row 13 + row 17 + row 21 + row 25 + row 29 + row 33 + row 37 + row 41; or row 9 + row 13 + row 17 + row 21 + row 25 + row 37 + row 41] | B44: =B9+B13+B17+B21+B25+B29+B33+B37+B41 -> 0 | C44: =C9+C13+C17+C21+C25+C37+C41 -> 0 | D44: =D9+D13+D17+D21+D25+D37+D41 -> 0 | E44: =E9+E13+E17+E21+E25+E37+E41 -> 0 | F44: N/A | G44: =G9+G13+G17+G21+G25+G37+G41 -> 0
A45: Net Investment in Assets [row 43 - row 44] | B45: =B43-B44 -> 0 | C45: =C43-C44 -> 0 | D45: =D43-D44 -> 0 | E45: =E43-E44 -> 0 | F45: N/A | G45: =G43-G44 -> 0
A46: Accumulated Deferred Federal Income Taxes | F46: N/A
A47: Accumulated Deferred State Income Taxes | F47: N/A
A48: Customer Prepayments or Deposits | F48: N/A
A49: Cash Working Capital | B49: N/A | F49: N/A | G49: N/A
A50: Net Capital Stock [row 45 - row 46 - row 47 - row 48 + row 49] | B50: N/A | C50: =C45-C46-C47-C48+C49 -> 0 | D50: =D45-D46-D47-D48+D49 -> 0 | E50: =E45-E46-E47-E48+E49 -> 0 | F50: N/A | G50: N/A
A51: Capital Expenses:
A52: Depreciation - Tangible Assets | F52: N/A
A53: Amortization - Capitalized Research and Development | F53: N/A
A54: Amortization - Purchased Software | F54: N/A
A55: Amortization - Internally Developed Software | F55: N/A
A56: Amortization - Trademarks | F56: N/A
A57: Amortization - Capitalized Site Commissions (include amortization recognized as an offset against gross revenues) | C57: N/A | D57: N/A | E57: N/A | F57: N/A | G57: N/A
A58: Amortization - Capitalized Payments to Facilities Excluding Site Commissions (include amortization recognized as an offset against gross revenues) | C58: N/A | D58: N/A | E58: N/A | F58: N/A | G58: N/A
A59: Amortization - Other Identifiable Intangible Assets | F59: N/A
A60: Amortization - Goodwill | F60: N/A
A61: Depreciation and Amortization of Assets [row 52 + row 53 + row 54 + row 55 + row 56 + row 57 + row 58 + row 59 + row 60; or row 52 + row 53 + row 54 + row 55 + row 56 + row 59 + row 60] | B61: =B52+B53+B54+B55+B56+B57+B58+B59+B60 -> 0 | C61: =C52+C53+C54+C55+C56+C59+C60 -> 0 | D61: =D52+D53+D54+D55+D56+D59+D60 -> 0 | E61: =E52+E53+E54+E55+E56+E59+E60 -> 0 | F61: N/A | G61: =G52+G53+G54+G55+G56+G59+G60 -> 0
A62: Weighted Average Cost of Capital | B62: N/A | C62: 0.0975 | D62: 0.0975 | E62: 0.0975 | F62: N/A | G62: N/A
A63: Return [row 62 x row 50] | B63: N/A | C63: =IF(C62*C50>0,C62*C50,0) -> 0 | D63: =IF(D62*D50>0,D62*D50,0) -> 0 | E63: =IF(E62*E50>0,E62*E50,0) -> 0 | F63: N/A | G63: N/A
A64: Tax-Deductible Interest | F64: N/A
A65: Interest Paid on Customer Prepayments or Deposits | F65: N/A
A66: Other Income Tax-Related Adjustments | F66: N/A
A67: Federal Taxable Income [row 63 - row 64 - row 66] | B67: N/A | C67: =C63-C64-C66 -> 0 | D67: =D63-D64-D66 -> 0 | E67: =E63-E64-E66 -> 0 | F67: N/A | G67: N/A
A68: Federal Income Tax Rate | B68: N/A | F68: N/A | G68: N/A
A69: Federal Income Tax Gross-Up Factor [row 68/(1 - row 68)] | B69: N/A | C69: =(C68/(1-C68)) -> 0 | D69: =(D68/(1-D68)) -> 0 | E69: =(E68/(1-E68)) -> 0 | F69: N/A | G69: N/A
A70: Federal Income Tax [row 69 x row 67] | B70: N/A | C70: =IF(C69*C67>0,C69*C67,0) -> 0 | D70: =IF(D69*D67>0,D69*D67,0) -> 0 | E70: =IF(E69*E67>0,E69*E67,0) -> 0 | F70: N/A | G70: N/A
A71: Federal Income Tax Not Deductible for State Income Tax Purposes | B71: N/A | F71: N/A | G71: N/A
A72: State Taxable Income [row 67 + row 71] | B72: N/A | C72: =C67+C71 -> 0 | D72: =D67+D71 -> 0 | E72: =E67+E71 -> 0 | F72: N/A | G72: N/A
A73: State Income Tax Rate (weighted average of the individual state income tax rates from cell C153) | B73: N/A | F73: N/A | G73: N/A
A74: State Income Tax Gross-Up Factor [row 73 /(1 - row 73)] | B74: N/A | C74: =(C73/(1-C73)) -> 0 | D74: =(D73/(1-D73)) -> 0 | E74: =(E73/(1-E73)) -> 0 | F74: N/A | G74: N/A
A75: State Income Tax [row 74 x row 72] | B75: N/A | C75: =IF(C74*C72>0,C74*C72,0) -> 0 | D75: =IF(D74*D72>0,D74*D72,0) -> 0 | E75: =IF(E74*E72>0,E74*E72,0) -> 0 | F75: N/A | G75: N/A
A76: Total Capital Expenses [row 61 + row 63 + row 65 + row 70 + row 75] | B76: N/A | C76: =C61+C63+C65+C70+C75 -> 0 | D76: =D61+D63+D65+D70+D75 -> 0 | E76: =E61+E63+E65+E70+E75 -> 0 | F76: N/A | G76: N/A
A77: Operating Expenses:
A78: Maintenance, Repair, and Engineering of Site Plant, Equipment, and Facilities | F78: N/A
A79: Payments to Telecommunications Carriers or Other Entities for Interstate, International, or Intrastate Communications Other Than Extra Payments to Telecommunications Carriers or Other Entities for International Communications | F79: N/A
A80: Extra Payments to Telecommunications Carriers or Other Entities for International Communications | F80: N/A
A81: Field Services | F81: N/A
A82: Network Operations | F82: N/A
A83: Call Center | F83: N/A
A84: Data Center and Storage | F84: N/A
A85: Payment of Site Commissions Recognized as an Expense or an Offset Against Gross Revenues When Paid or When Transaction Occurred | C85: N/A | D85: N/A | E85: N/A | F85: N/A | G85: N/A
A86: Payments to Facilities Excluding Site Commissions Recognized as an Expense or an Offset Against Gross Revenues When Paid or When Transaction Occurred | C86: N/A | D86: N/A | E86: N/A | F86: N/A | G86: N/A
A87: Billing, Collection, Client Management, and Customer Care
A88: Sales and Marketing | F88: N/A
A89: General and Administrative | F89: N/A
A90: Other Overhead | F90: N/A
A91: Taxes Other than Income Taxes | F91: N/A
A92: Transactions Related to Mergers and Acquisitions | F92: N/A
A93: Bad Debt | F93: N/A
A94: Total Operating Expenses [sum of rows 78-93; or sum of rows 78-84 + sum of rows 87-93; or row 87] | B94: =SUM(B78:B93) -> 0 | C94: =SUM(C78:C84)+SUM(C87:C93) -> 0 | D94: =SUM(D78:D84)+SUM(D87:D93) -> 0 | E94: =SUM(E78:E84)+SUM(E87:E93) -> 0 | F94: =F87 -> 0 | G94: =SUM(G78:G84)+SUM(G87:G93) -> 0
A95: Total Operating Expenses Excluding Extra Payments to Telecommunications Carriers or Other Entities for International Communications [row 94 - row 80; or row 87] | B95: =B94-B80 -> 0 | C95: =C94-C80 -> 0 | D95: =D94-D80 -> 0 | E95: =E94-E80 -> 0 | F95: =F87 -> 0 | G95: =G94-G80 -> 0
A96: Annual Total Expenses Excluding Extra Payments to Telecommunications Carriers or Other Entities for International Communications [row 76 + row 95; or row 87] | B96: N/A | C96: =C76+C95 -> 0 | D96: =D76+D95 -> 0 | E96: =E76+E95 -> 0 | F96: =F87 -> 0 | G96: N/A
A99: Weighted Average of the Individual State Income Tax Rates for 2025
A100: State | B100: Enter “C” if the Company is subject to the state corporate income tax rate, or “PTE” if the Company passes income through to its owners | C100: State Income Tax Rate (%) | D100: IPCS Revenues ($) | E100: Percent of Total IPCS Billed Revenues ($)
E101: =IF($D$153>0,D101/$D$153,"")
E102: =IF($D$153>0,D102/$D$153,"")
...

Sheet C3. Safety & Security Measures
A1: a. Company-Wide and b. Service-Specific Costs of Provider's Safety and Security Measures for 2025
A4: 1. Annual Total Expenses of Providing Safety and Security Measures [C1. Company-Wide Information, E96] | B4: ='C1-C2. Company-Wide Information'!E96 -> 0
A6: Safety and Security Measure | B6: Safety and Security Measure Categories (one or more of 1, 2, 3, 4, 5, 6, 7) | C6: Percentage of Annual Total Expenses of Providing Safety and Security Measures (%) | D6: Safety and Security Measure Expenses ($) | E6: Percentage of Safety and Security Measure Expenses Attributable to Audio IPCS (%) | F6: Percentage of Safety and Security Measure Expenses Attributable to Video IPCS (%) | G6: Percentage of Safety and Security Measure Expenses Attributable to Other Products and Services (%) | H6: Total of the Percentages Attributed to Services (%) | I6: Safety and Security Measure Expenses Attributable to Audio IPCS ($) | J6: Safety and Security Measure Expenses Attributable to Video IPCS ($) | K6: Safety and Security Measure Expenses Attributable to Other Products and Services ($) | L6: Total of Safety and Security Measure Expenses Attributed to Services ($)
A7: Input | B7: Input | C7: Input | D7: C*B4 | E7: Input | F7: Input | G7: Input | H7: E + F + G | I7: D*E | J7: D*F | K7: D*G | L7: I + J + K
D8: =C8*$B$4 -> 0 | H8: =SUM(E8:G8) -> 0 | I8: =$D8*E8 -> 0 | J8: =$D8*F8 -> 0 | K8: =$D8*G8 -> 0 | L8: =SUM(I8:K8) -> 0
D9: =C9*$B$4 -> 0 | H9: =SUM(E9:G9) -> 0 | I9: =$D9*E9 -> 0 | J9: =$D9*F9 -> 0 | K9: =$D9*G9 -> 0 | L9: =SUM(I9:K9) -> 0
D10: =C10*$B$4 -> 0 | H10: =SUM(E10:G10) -> 0 | I10: =$D10*E10 -> 0 | J10: =$D10*F10 -> 0 | K10: =$D10*G10 -> 0 | L10: =SUM(I10:K10) -> 0
D11: =C11*$B$4 -> 0 | H11: =SUM(E11:G11) -> 0 | I11: =$D11*E11 -> 0 | J11: =$D11*F11 -> 0 | K11: =$D11*G11 -> 0 | L11: =SUM(I11:K11) -> 0
D12: =C12*$B$4 -> 0 | H12: =SUM(E12:G12) -> 0 | I12: =$D12*E12 -> 0 | J12: =$D12*F12 -> 0 | K12: =$D12*G12 -> 0 | L12: =SUM(I12:K12) -> 0
D13: =C13*$B$4 -> 0 | H13: =SUM(E13:G13) -> 0 | I13: =$D13*E13 -> 0 | J13: =$D13*F13 -> 0 | K13: =$D13*G13 -> 0 | L13: =SUM(I13:K13) -> 0
D14: =C14*$B$4 -> 0 | H14: =SUM(E14:G14) -> 0 | I14: =$D14*E14 -> 0 | J14: =$D14*F14 -> 0 | K14: =$D14*G14 -> 0 | L14: =SUM(I14:K14) -> 0
D15: =C15*$B$4 -> 0 | H15: =SUM(E15:G15) -> 0 | I15: =$D15*E15 -> 0 | J15: =$D15*F15 -> 0 | K15: =$D15*G15 -> 0 | L15: =SUM(I15:K15) -> 0
D16: =C16*$B$4 -> 0 | H16: =SUM(E16:G16) -> 0 | I16: =$D16*E16 -> 0 | J16: =$D16*F16 -> 0 | K16: =$D16*G16 -> 0 | L16: =SUM(I16:K16) -> 0
D17: =C17*$B$4 -> 0 | H17: =SUM(E17:G17) -> 0 | I17: =$D17*E17 -> 0 | J17: =$D17*F17 -> 0 | K17: =$D17*G17 -> 0 | L17: =SUM(I17:K17) -> 0
D18: =C18*$B$4 -> 0 | H18: =SUM(E18:G18) -> 0 | I18: =$D18*E18 -> 0 | J18: =$D18*F18 -> 0 | K18: =$D18*G18 -> 0 | L18: =SUM(I18:K18) -> 0
D19: =C19*$B$4 -> 0 | H19: =SUM(E19:G19) -> 0 | I19: =$D19*E19 -> 0 | J19: =$D19*F19 -> 0 | K19: =$D19*G19 -> 0 | L19: =SUM(I19:K19) -> 0
... D27: =C27*$B$4 -> 0 | H27: =SUM(E27:G27) -> 0 | I27: =$D27*E27 -> 0 | J27: =$D27*F27 -> 0 | K27: =$D27*G27 -> 0 | L27: =SUM(I27:K27) -> 0
A28: Total [sum of rows 8-27] | C28: =SUM(C8:C27) -> 0 | D28: =SUM(D8:D27) -> 0 | I28: =SUM(I8:I27) -> 0 | J28: =SUM(J8:J27) -> 0 | K28: =SUM(K8:K27) -> 0 | L28: =SUM(L8:L27) -> 0

Sheet D1. Facility Audio IPCS Costs
A1: D1. Facility-Specific Audio IPCS Costs For 2025
A2: a. General Information
A3: (1) Unique Contract Identifier
A4: (2) Unique Facility Identifier | G4: Total | H4: =COUNTIF(B4:F4, "<>0") -> 5 | I4: Count
A5: (3) Contractor Name
A6: (4) Subcontractor Name
A7: (5) Counterparty to Contract
A8: (6)(a) Facility Street Number and Street Name
A9: (6)(b) Facility Building Identifier (if any)
A10: (6)(c) Facility City
A11: (6)(d) Facility State
A12: (6)(e) Facility Zip Code
A13: (7) Facility Type (Jail (J) or Prison (P))
A14: (8) Maximum Audio Communication Duration
A15: b. Cost Allocation Results
A16: 1. Capital Assets:
... A19: (b) Accumulated Depreciation
A20: (d) Net Investment [row 18 - row 19] | B20: =B18-B19 -> 0 | C20: =C18-C19 -> 0 | D20: =D18-D19 -> 0 | E20: =E18-E19 -> 0 | F20: =F18-F19 -> 0
A21: (ii) Capitalized Research and Development
A22: (a) Gross Investment
A23: (c) Accumulated Amortization
A24: (d) Net Investment [row 22 - row 23] | B24: =B22-B23 -> 0 | C24: =C22-C23 -> 0 | D24: =D22-D23 -> 0 | E24: =E22-E23 -> 0 | F24: =F22-F23 -> 0
A25: (iii) Purchased Software
A26: (a) Gross Investment
A27: (c) Accumulated Amortization
A28: (d) Net Investment [row 26 - row 27] | B28: =B26-B27 -> 0 | C28: =C26-C27 -> 0 | D28: =D26-D27 -> 0 | E28: =E26-E27 -> 0 | F28: =F26-F27 -> 0
A29: (iv) Internally Developed Software
A30: (a) Gross Investment
A31: (c) Accumulated Amortization
A32: (d) Net Investment [row 30 - row 31] | B32: =B30-B31 -> 0 | C32: =C30-C31 -> 0 | D32: =D30-D31 -> 0 | E32: =E30-E31 -> 0 | F32: =F30-F31 -> 0
A33: (v) Trademarks
A34: (a) Gross Investment
A35: (c) Accumulated Amortization
A36: (d) Net Investment [row 34 - row 35] | B36: =B34-B35 -> 0 | C36: =C34-C35 -> 0 | D36: =D34-D35 -> 0 | E36: =E34-E35 -> 0 | F36: =F34-F35 -> 0
A37: Capitalized Site Commissions
A38: Gross Investment | B38: N/A | C38: N/A | D38: N/A | E38: N/A | F38: N/A
A39: Accumulated Amortization | B39: N/A | C39: N/A | D39: N/A | E39: N/A | F39: N/A
A40: Net Investment | B40: N/A | C40: N/A | D40: N/A | E40: N/A | F40: N/A
A41: Capitalized Payments to Facilities Excluding Site Commissions
A42: Gross Investment | B42: N/A | C42: N/A | D42: N/A | E42: N/A | F42: N/A
A43: Accumulated Amortization | B43: N/A | C43: N/A | D43: N/A | E43: N/A | F43: N/A
A44: Net Investment | B44: N/A | C44: N/A | D44: N/A | E44: N/A | F44: N/A
A45: (vi) Other Identifiable Intangible Assets
A46: (a) Gross Investment
A47: (c) Accumulated Amortization
A48: (d) Net Investment [row 46 - row 47] | B48: =B46-B47 -> 0 | C48: =C46-C47 -> 0 | D48: =D46-D47 -> 0 | E48: =E46-E47 -> 0 | F48: =F46-F47 -> 0
A49: (vii) Goodwill
A50: (a) Gross Investment
A51: (c) Accumulated Amortization
A52: (d) Net Investment [row 50 - row 51] | B52: =B50-B51 -> 0 | C52: =C50-C51 -> 0 | D52: =D50-D51 -> 0 | E52: =E50-E51 -> 0 | F52: =F50-F51 -> 0
A53: Gross Investment in Assets [row 18 + row 22 + row 26 + row 30 + row 34 + row 46 + row 50] | B53: =B18+B22+B26+B30+B34+B46+B50 -> 0 | C53: =C18+C22+C26+C30+C34+C46+C50 -> 0 | D53: =D18+D22+D26+D30+D34+D46+D50 -> 0 | E53: =E18+E22+E26+E30+E34+E46+E50 -> 0 | F53: =F18+F22+F26+F30+F34+F46+F50 -> 0
A54: Accumulated Depreciation and Amortization of Assets [row 19 + row 23 + row 27 + row 31 + row 35 + row 47 + row 51] | B54: =B19+B23+B27+B31+B35+B47+B51 -> 0 | C54: =C19+C23+C27+C31+C35+C47+C51 -> 0 | D54: =D19+D23+D27+D31+D35+D47+D51 -> 0 | E54: =E19+E23+E27+E31+E35+E47+E51 -> 0 | F54: =F19+F23+F27+F31+F35+F47+F51 -> 0
A55: Net Investment in Assets [row 53 - row 54] | B55: =B53-B54 -> 0 | C55: =C53-C54 -> 0 | D55: =D53-D54 -> 0 | E55: =E53-E54 -> 0 | F55: =F53-F54 -> 0
A56: (e) Accumulated Deferred Federal Income Taxes
A57: (f) Accumulated Deferred State Income Taxes
A58: (g) Customer Prepayments or Deposits
A59: (h) Cash Working Capital
A60: (i) Net Capital Stock [row 55 - row 56 - row 57 - row 58 + row 59] | B60: =B55-B56-B57-B58+B59 -> 0 | C60: =C55-C56-C57-C58+C59 -> 0 | D60: =D55-D56-D57-D58+D59 -> 0 | E60: =E55-E56-E57-E58+E59 -> 0 | F60: =F55-F56-F57-F58+F59 -> 0
A61: 2. Capital Expenses:
A62: (i)(a) Depreciation - Tangible Assets
A63: (ii)(b) Amortization - Capitalized Research and Development
A64: (iii)(b) Amortization - Purchased Software
A65: (iv)(b) Amortization - Internally Developed Software
A66: (v)(b) Amortization - Trademarks
A67: Amortization - Capitalized Site Commissions (include amortization recognized as an offset against gross revenues) | B67: N/A | C67: N/A | D67: N/A | E67: N/A | F67: N/A
A68: Amortization - Capitalized Payments to Facilities Excluding Site Commissions (include amortization recognized as an offset against gross revenues) | B68: N/A | C68: N/A | D68: N/A | E68: N/A | F68: N/A
A69: (vi)(b) Amortization - Other Identifiable Intangible Assets
A70: (vii)(b) Amortization - Goodwill
A71: Depreciation and Amortization of Assets [row 62 + row 63 + row 64 + row 65 + row 66 + row 69 + row 70] | B71: =B62+B63+B64+B65+B66+B69+B70 -> 0 | C71: =C62+C63+C64+C65+C66+C69+C70 -> 0 | D71: =D62+D63+D64+D65+D66+D69+D70 -> 0 | E71: =E62+E63+E64+E65+E66+E69+E70 -> 0 | F71: =F62+F63+F64+F65+F66+F69+F70 -> 0
A72: (c) Weighted Average Cost of Capital | B72: 0.0975 | C72: 0.0975 | D72: 0.0975 | E72: 0.0975 | F72: 0.0975
A73: (d) Return [row 72 x row 60] | B73: =IF(B72*B60>0,B72*B60,0) -> 0 | C73: =IF(C72*C60>0,C72*C60,0) -> 0 | D73: =IF(D72*D60>0,D72*D60,0) -> 0 | E73: =IF(E72*E60>0,E72*E60,0) -> 0 | F73: =IF(F72*F60>0,F72*F60,0) -> 0
A74: (e) Tax-Deductible Interest
A75: (f) Interest Paid on Customer Prepayments or Deposits
A76: (g) Other Income Tax-Related Adjustments
A77: (h) Federal Taxable Income [row 73 - row 74 - row 76] | B77: =B73-B74-B76 -> 0 | C77: =C73-C74-C76 -> 0 | D77: =D73-D74-D76 -> 0 | E77: =E73-E74-E76 -> 0 | F77: =F73-F74-F76 -> 0
A78: (i) Federal Income Tax Rate
A79: (j) Federal Income Tax Gross-Up Factor [row 78/(1 - row 78)] | B79: =(B78/(1-B78)) -> 0 | C79: =(C78/(1-C78)) -> 0 | D79: =(D78/(1-D78)) -> 0 | E79: =(E78/(1-E78)) -> 0 | F79: =(F78/(1-F78)) -> 0
A80: (k) Federal Income Tax [row 79 x row 77] | B80: =IF(B79*B77>0,B79*B77,0) -> 0 | C80: =IF(C79*C77>0,C79*C77,0) -> 0 | D80: =IF(D79*D77>0,D79*D77,0) -> 0 | E80: =IF(E79*E77>0,E79*E77,0) -> 0 | F80: =IF(F79*F77>0,F79*F77,0) -> 0
A81: (l) Federal Income Tax Not Deductible for State Income Tax Purposes
A82: (m) State Taxable Income [row 77 + row 81] | B82: =B77+B81 -> 0 | C82: =C77+C81 -> 0 | D82: =D77+D81 -> 0 | E82: =E77+E81 -> 0 | F82: =F77+F81 -> 0
A83: (n) State Income Tax Rate
A84: (o) State Income Tax Gross-Up Factor [row 83 /(1 - row 83)] | B84: =(B83/(1-B83)) -> 0 | C84: =(C83/(1-C83)) -> 0 | D84: =(D83/(1-D83)) -> 0 | E84: =(E83/(1-E83)) -> 0 | F84: =(F83/(1-F83)) -> 0
A85: (p) State Income Tax [row 84 x row 82] | B85: =IF(B84*B82>0,B84*B82,0) -> 0 | C85: =IF(C84*C82>0,C84*C82,0) -> 0 | D85: =IF(D84*D82>0,D84*D82,0) -> 0 | E85: =IF(E84*E82>0,E84*E82,0) -> 0 | F85: =IF(F84*F82>0,F84*F82,0) -> 0
A86: Total Capital Expenses [row 71 + row 73 + row 75 + row 80 + row 85] | B86: =B71+B73+B75+B80+B85 -> 0 | C86: =C71+C73+C75+C80+C85 -> 0 | D86: =D71+D73+D75+D80+D85 -> 0 | E86: =E71+E73+E75+E80+E85 -> 0 | F86: =F71+F73+F75+F80+F85 -> 0
A87: 3. Operating Expenses:
A88: (a) Maintenance, Repair, and Engineering of Site Plant, Equipment, and Facilities
A89: (b) Payments to Telecommunications Carriers or Other Entities for Interstate, International, or Intrastate Communications Other Than Extra Payments to Telecommunications Carriers or Other Entities for International Communications
A90: (c) Extra Payments to Telecommunications Carriers or Other Entities for International Communications
A91: (d) Field Services
A92: (e) Network Operations
A93: (f) Call Center
A94: (g) Data Center and Storage
A95: Site Commissions Recognized as an Expense or an Offset Against Gross Revenues When Paid or When Transaction Occurred | B95: N/A | C95: N/A | D95: N/A | E95: N/A | F95: N/A
A96: Payments to Facilities Excluding Site Commissions Recognized as an Expense or an Offset Against Gross Revenues When Paid or When Transaction Occurred | B96: N/A | C96: N/A | D96: N/A | E96: N/A | F96: N/A
A97: (h) Billing, Collection, Client Management, and Customer Care
A98: (i) Sales and Marketing
A99: (j) General and Administrative
A100: (k) Other Overhead
A101: (l) Taxes Other than Income Taxes
A102: (m) Transactions Related to Mergers and Acquisitions
...

Sheet D1. Facility Video IPCS Costs
A1: D1. Facility-Specific Video IPCS Costs For 2025
A2: a. General Information
A3: (1) Unique Contract Identifier
A4: (2) Unique Facility Identifier | G4: Total | H4: =COUNTIF(B4:F4, "<>0") -> 5 | I4: Count
A5: (3) Contractor Name
A6: (4) Subcontractor Name
A7: (5) Counterparty to Contract
A8: (6)(a) Facility Street Number and Street Name
A9: (6)(b) Facility Building Identifier (if any)
A10: (6)(c) Facility City
A11: (6)(d) Facility State
A12: (6)(e) Facility Zip Code
A13: (7) Facility Type (Jail (J) or Prison (P))
A14: (8) Maximum Video Communication Duration
A15: b. Cost Allocation Results
A16: 1. Capital Assets:
... A19: (b) Accumulated Depreciation
A20: (d) Net Investment [row 18 - row 19] | B20: =B18-B19 -> 0 | C20: =C18-C19 -> 0 | D20: =D18-D19 -> 0 | E20: =E18-E19 -> 0 | F20: =F18-F19 -> 0
A21: (ii) Capitalized Research and Development
A22: (a) Gross Investment
A23: (c) Accumulated Amortization
A24: (d) Net Investment [row 21 - row 23] | B24: =B22-B23 -> 0 | C24: =C22-C23 -> 0 | D24: =D22-D23 -> 0 | E24: =E22-E23 -> 0 | F24: =F22-F23 -> 0
A25: (iii) Purchased Software
A26: (a) Gross Investment
A27: (c) Accumulated Amortization
A28: (d) Net Investment [row 26 - row 27] | B28: =B26-B27 -> 0 | C28: =C26-C27 -> 0 | D28: =D26-D27 -> 0 | E28: =E26-E27 -> 0 | F28: =F26-F27 -> 0
A29: (iv) Internally Developed Software
A30: (a) Gross Investment
A31: (c) Accumulated Amortization
A32: (d) Net Investment [row 30 - row 31] | B32: =B30-B31 -> 0 | C32: =C30-C31 -> 0 | D32: =D30-D31 -> 0 | E32: =E30-E31 -> 0 | F32: =F30-F31 -> 0
A33: (v) Trademarks
A34: (a) Gross Investment
A35: (c) Accumulated Amortization
A36: (d) Net Investment [row 34 - row 35] | B36: =B34-B35 -> 0 | C36: =C34-C35 -> 0 | D36: =D34-D35 -> 0 | E36: =E34-E35 -> 0 | F36: =F34-F35 -> 0
A37: Capitalized Site Commissions
A38: Gross Investment | B38: N/A | C38: N/A | D38: N/A | E38: N/A | F38: N/A
A39: Accumulated Amortization | B39: N/A | C39: N/A | D39: N/A | E39: N/A | F39: N/A
A40: Net Investment | B40: N/A | C40: N/A | D40: N/A | E40: N/A | F40: N/A
A41: Capitalized Payments to Facilities Excluding Site Commissions
A42: Gross Investment | B42: N/A | C42: N/A | D42: N/A | E42: N/A | F42: N/A
A43: Accumulated Amortization | B43: N/A | C43: N/A | D43: N/A | E43: N/A | F43: N/A
A44: Net Investment | B44: N/A | C44: N/A | D44: N/A | E44: N/A | F44: N/A
A45: (vi) Other Identifiable Intangible Assets
A46: (a) Gross Investment
A47: (c) Accumulated Amortization
A48: (d) Net Investment [row 46 - row 47] | B48: =B46-B47 -> 0 | C48: =C46-C47 -> 0 | D48: =D46-D47 -> 0 | E48: =E46-E47 -> 0 | F48: =F46-F47 -> 0
A49: (vii) Goodwill
A50: (a) Gross Investment
A51: (c) Accumulated Amortization
A52: (d) Net Investment [row 50 - row 51] | B52: =B50-B51 -> 0 | C52: =C50-C51 -> 0 | D52: =D50-D51 -> 0 | E52: =E50-E51 -> 0 | F52: =F50-F51 -> 0
A53: Gross Investment in Assets [row 18 + row 22 + row 26 + row 30 + row 34 + row 46 + row 50] | B53: =B18+B22+B26+B30+B34+B46+B50 -> 0 | C53: =C18+C22+C26+C30+C34+C46+C50 -> 0 | D53: =D18+D22+D26+D30+D34+D46+D50 -> 0 | E53: =E18+E22+E26+E30+E34+E46+E50 -> 0 | F53: =F18+F22+F26+F30+F34+F46+F50 -> 0
A54: Accumulated Depreciation and Amortization of Assets [row 19 + row 23 + row 27 + row 31 + row 35 + row 47 + row 51] | B54: =B19+B23+B27+B31+B35+B47+B51 -> 0 | C54: =C19+C23+C27+C31+C35+C47+C51 -> 0 | D54: =D19+D23+D27+D31+D35+D47+D51 -> 0 | E54: =E19+E23+E27+E31+E35+E47+E51 -> 0 | F54: =F19+F23+F27+F31+F35+F47+F51 -> 0
A55: Net Investment in Assets [row 53 - row 54] | B55: =B53-B54 -> 0 | C55: =C53-C54 -> 0 | D55: =D53-D54 -> 0 | E55: =E53-E54 -> 0 | F55: =F53-F54 -> 0
A56: (e) Accumulated Deferred Federal Income Taxes
A57: (f) Accumulated Deferred State Income Taxes
A58: (g) Customer Prepayments or Deposits
A59: (h) Cash Working Capital
A60: (i) Net Capital Stock [row 55 - row 56 - row 57 - row 58 + row 59] | B60: =B55-B56-B57-B58+B59 -> 0 | C60: =C55-C56-C57-C58+C59 -> 0 | D60: =D55-D56-D57-D58+D59 -> 0 | E60: =E55-E56-E57-E58+E59 -> 0 | F60: =F55-F56-F57-F58+F59 -> 0
A61: 2. Capital Expenses:
A62: (i)(a) Depreciation - Tangible Assets
A63: (ii)(b) Amortization - Capitalized Research and Development
A64: (iii)(b) Amortization - Purchased Software
A65: (iv)(b) Amortization - Internally Developed Software
A66: (v)(b) Amortization - Trademarks
A67: Amortization - Site Commissions (include amortization recognized as an offset against gross revenues) | B67: N/A | C67: N/A | D67: N/A | E67: N/A | F67: N/A
A68: Amortization - Capitalized Payments to Facilities Excluding Site Commissions (include amortization recognized as an offset against gross revenues) | B68: N/A | C68: N/A | D68: N/A | E68: N/A | F68: N/A
A69: (vi)(b) Amortization - Other Identifiable Intangible Assets
A70: (vii)(b) Amortization - Goodwill
A71: Depreciation and Amortization of Assets [row 62 + row 63 + row 64 + row 65 + row 66 + row 69 + row 70] | B71: =B62+B63+B64+B65+B66+B69+B70 -> 0 | C71: =C62+C63+C64+C65+C66+C69+C70 -> 0 | D71: =D62+D63+D64+D65+D66+D69+D70 -> 0 | E71: =E62+E63+E64+E65+E66+E69+E70 -> 0 | F71: =F62+F63+F64+F65+F66+F69+F70 -> 0
A72: (c) Weighted Average Cost of Capital | B72: 0.0975 | C72: 0.0975 | D72: 0.0975 | E72: 0.0975 | F72: 0.0975
A73: (d) Return [row 72 x row 60] | B73: =IF(B72*B60>0,B72*B60,0) -> 0 | C73: =IF(C72*C60>0,C72*C60,0) -> 0 | D73: =IF(D72*D60>0,D72*D60,0) -> 0 | E73: =IF(E72*E60>0,E72*E60,0) -> 0 | F73: =IF(F72*F60>0,F72*F60,0) -> 0
A74: (e) Tax-Deductible Interest
A75: (f) Interest Paid on Customer Prepayments or Deposits
A76: (g) Other Income Tax-Related Adjustments
A77: (h) Federal Taxable Income [row 73 - row 74 - row 76] | B77: =B73-B74-B76 -> 0 | C77: =C73-C74-C76 -> 0 | D77: =D73-D74-D76 -> 0 | E77: =E73-E74-E76 -> 0 | F77: =F73-F74-F76 -> 0
A78: (i) Federal Income Tax Rate
A79: (j) Federal Income Tax Gross-Up Factor [row 78/(1 - row 78)] | B79: =(B78/(1-B78)) -> 0 | C79: =(C78/(1-C78)) -> 0 | D79: =(D78/(1-D78)) -> 0 | E79: =(E78/(1-E78)) -> 0 | F79: =(F78/(1-F78)) -> 0
A80: (k) Federal Income Tax [row 79 x row 77] | B80: =IF(B79*B77>0,B79*B77,0) -> 0 | C80: =IF(C79*C77>0,C79*C77,0) -> 0 | D80: =IF(D79*D77>0,D79*D77,0) -> 0 | E80: =IF(E79*E77>0,E79*E77,0) -> 0 | F80: =IF(F79*F77>0,F79*F77,0) -> 0
A81: (l) Federal Income Tax Not Deductible for State Income Tax Purposes
A82: (m) State Taxable Income [row 77 + row 81] | B82: =B77+B81 -> 0 | C82: =C77+C81 -> 0 | D82: =D77+D81 -> 0 | E82: =E77+E81 -> 0 | F82: =F77+F81 -> 0
A83: (n) State Income Tax Rate
A84: (o) State Income Tax Gross-Up Factor [row 83 /(1 - row 83)] | B84: =(B83/(1-B83)) -> 0 | C84: =(C83/(1-C83)) -> 0 | D84: =(D83/(1-D83)) -> 0 | E84: =(E83/(1-E83)) -> 0 | F84: =(F83/(1-F83)) -> 0
A85: (p) State Income Tax [row 84 x row 82] | B85: =IF(B84*B82>0,B84*B82,0) -> 0 | C85: =IF(C84*C82>0,C84*C82,0) -> 0 | D85: =IF(D84*D82>0,D84*D82,0) -> 0 | E85: =IF(E84*E82>0,E84*E82,0) -> 0 | F85: =IF(F84*F82>0,F84*F82,0) -> 0
A86: Total Capital Expenses [row 71 + row 73 + row 75 + row 80 + row 85] | B86: =B71+B73+B75+B80+B85 -> 0 | C86: =C71+C73+C75+C80+C85 -> 0 | D86: =D71+D73+D75+D80+D85 -> 0 | E86: =E71+E73+E75+E80+E85 -> 0 | F86: =F71+F73+F75+F80+F85 -> 0
A87: 3. Operating Expenses:
A88: (a) Maintenance, Repair, and Engineering of Site Plant, Equipment, and Facilities
A89: (b) Payments to Telecommunications Carriers or Other Entities for Interstate, International, or Intrastate Communications Other Than Extra Payments to Telecommunications Carriers or Other Entities for International Communications
A90: (c) Extra Payments to Telecommunications Carriers or Other Entities for International Communications
A91: (d) Field Services
A92: (e) Network Operations
A93: (f) Call Center
A94: (g) Data Center and Storage
A95: Site Commissions Recognized as an Expense or an Offset Against Gross Revenues When Paid or When Transaction Occurred | B95: N/A | C95: N/A | D95: N/A | E95: N/A | F95: N/A
A96: Payments to Facilities Excluding Site Commissions Recognized as an Expense or an Offset Against Gross Revenues When Paid or When Transaction Occurred | B96: N/A | C96: N/A | D96: N/A | E96: N/A | F96: N/A
A97: (h) Billing, Collection, Client Management, and Customer Care
A98: (i) Sales and Marketing
A99: (j) General and Administrative
A100: (k) Other Overhead
A101: (l) Taxes Other than Income Taxes
A102: (m) Transactions Related to Mergers and Acquisitions
...

Sheet D1. Facility Demand and Revenue
A1: D1. Facility-Specific Demand and Revenue Data for 2025 Enter Unique Contract Identifier for Facility in this row
A2: d. Facility-specific Demand and Revenue Data Enter Unique Facility Identifier in this row | G2: Total 2025 | H2: =COUNTIF(B2:F2, "<>0") -> 5 | I2: Count
A3: (1) Annual Demand for IPCS
A4: (a) Total Billed Communications for Audio IPCS
A5: (b) Total Unbilled Communications for Audio IPCS
A6: (c) Total Billed and Unbilled Communications for Audio IPCS
A7: (d) Total Billed Minutes for Audio IPCS
A8: (e) Total Unbilled Minutes for Audio IPCS
A9: (f) Total Billed and Unbilled Minutes for Audio IPCS
A10: (g) Total Billed Communications for Video IPCS
A11: (h) Total Unbilled Communications for Video IPCS
A12: (i) Total Billed and Unbilled Communications for Video IPCS
A13: (j) Total Billed Minutes for Video IPCS
A14: (k) Total Unbilled Minutes for Video IPCS
... A24: (3) Annual Revenues from IPCS
A25: (a) Total Billed Revenues from Audio IPCS | G25: =SUM(B25:F25) -> 0
A26: (b) Total Billed Revenues from Video IPCS | G26: =SUM(B26:F26) -> 0

Sheet FCC Notice
A1: FCC NOTICE REQUIRED BY THE PAPERWORK REDUCTION ACT
A3: We have estimated that each IPCS provider’s response to Form 2303(a) (consisting of Word and Excel Templates) will take 160 hours on average. Our estimate includes the time to read the instructions, look through existing records, gather and maintain the required data, and complete and review the form. It also includes the time it will take each provider to: (a) submit audited financial statements or reports, or similar documentation, for 2025, to the extent they have been produced in the ordinary course of business; (b) respond to any Commission requirement that the provider clarify or supplement its response to the data collection; and (c) keep all records necessary to implement this collection and make such records available to the Commission upon request. If you have any comments on this estimate, or on how we can improve the collection and reduce the burden it causes you, please write the Federal Communications Commission, AMD-PPM, Washington, DC 20554, Paperwork Reduction Project (3060-1314). We will also accept your comments via the Internet if you send them to pra@fcc.gov. Please DO NOT SEND COMPLETED APPLICATIONS TO THIS ADDRESS. Remember—you are not required to respond to a collection of information sponsored by the Federal government, and the government may not conduct or sponsor this collection, unless it displays a currently valid OMB control number or if we fail to provide you with this notice. This collection has been assigned an OMB Control Number of 3060-1314.
A5: THE FOREGOING NOTICE IS REQUIRED BY THE PAPERWORK REDUCTION ACT OF 1995, P.L. 104-13, OCTOBER 1, 1995, 44 U.S.C. 3507.
